 Dungeon Crawl Stone Soup version 0.27-a0-951-gae3e1deef5 (webtiles) character file.

Game seed: 281576019339439670

58 Alarkh the Insei (level 3, -4/27 HPs)
             Began as a Demonspawn Transmuter on Apr 11, 2021.
             Slain by a gnoll
             ... wielding a +0 club
              (10 damage)
             ... on level 2 of the Dungeon.
             The game lasted 00:02:44 (1317 turns).

Alarkh the Insei (Demonspawn Transmuter)            Turns: 1317, Time: 00:02:45

Health: -4/27      AC:  2    Str: 16    XL:     3   Next: 75%
Magic:  4/6        EV: 12    Int: 15    God:
Gold:   85         SH:  0    Dex: 13    Spells: 2/6 levels left

rFire    . . .     SeeInvis .     - Unarmed
rCold    . . .     Faith    .   (no shield)
rNeg     . . .     Spirit   .   a - +0 robe
rPois    .         Reflect  .   (helmet currently unavailable)
rElec    .         Harm     .   (no cloak)
rCorr    .         Rampage  .   (no gloves)
Will     .....                  (boots currently unavailable)
Stlth    +.........             (no amulet)
HPRegen  0.09/turn              f - +6 ring of strength
MPRegen  0.10/turn              (no ring)

@: appendages (expiring), very slightly contaminated
A: horns 2, talons 2, powered by death 1, sturdy frame 1
a: End Transformation


You were on level 2 of the Dungeon.
You had temporarily grown beastly horns and talons.
You visited 1 branch of the dungeon, and saw 2 of its levels.

You collected 85 gold pieces.

Inventory:

Armour
 a - a +0 robe (worn)
 c - a +0 helmet (melded)
Magical Staves
 e - a staff of air
Jewellery
 f - a +6 ring of strength (left hand)
Scrolls
 d - a scroll of blinking {unknown}
 h - a scroll of identify {unknown}
 i - a scroll of enchant weapon {unknown}


   Skills:
 + Level 1.8 Fighting
 - Level 1.7 Dodging
 * Level 3.4 Unarmed Combat
 + Level 2.4 Spellcasting
 + Level 2.2 Transmutations


You had 2 spell levels left.
You knew the following spells:

 Your Spells              Type           Power      Damage    Failure   Level
a - Beastly Appendage     Tmut           16%        N/A       9%          1
b - Spider Form           Tmut/Pois      2%         N/A       36%         3

Your spell library contained the following spells:

 Spells                   Type           Power      Damage    Failure   Level
 Wereblood                Tmut           8%         N/A       13%         2
 Ice Form                 Ice/Tmut       5%         N/A       78%         4
 Hydra Form               Tmut           4%         N/A       93%         5


Dungeon Overview and Level Annotations

Branches:
Dungeon (2/15)

Altars:

Shops:
D:1 *


Innate Abilities, Weirdness & Mutations

You have temporarily grown beastly horns and talons.
You regenerate a little health from kills.
Your movements are slightly less encumbered by armour. (ER -2)


Message History

You turn into a venomous arachnid creature.
Your +0 helmet melds into your body.
Your +0 robe melds into your body.
Your transformation is almost over.
You barely miss the gnoll. The gnoll closely misses you.
You hit the gnoll.
The gnoll is poisoned.
The gnoll is moderately wounded.
The gnoll hits you with a +0 club.
* * * LOW HITPOINT WARNING * * *
The gnoll closely misses you.
Your transformation has ended.
Your +0 helmet unmelds from your body.
Your +0 robe unmelds from your body.
It was a potion of curing.
You feel better. The gnoll hits you with a +0 club.
* * * LOW HITPOINT WARNING * * *
Things that are here:
an adder skeleton; a jackal skeleton; a jackal skeleton The gnoll looks more healthy.
There is a stone staircase leading up here.
Casting: Spider Form (extremely dangerous; 36% risk of failure)
Confirm with . or Enter, or press ? or * to list all spells.
You miscast Beastly Appendage.
You are very lightly contaminated with residual magic.
Nothing appears to happen.
The gnoll hits you with a +0 club.
* * * LOW HITPOINT WARNING * * *
Casting: Beastly Appendage (safe; 9% risk of failure)
Confirm with . or Enter, or press ? or * to list all spells.
You grow a pair of large bovine horns.
Your feet morph into talons.
Your +0 helmet melds into your body.
The gnoll hits you with a +0 club.
* * * LOW HITPOINT WARNING * * *
Unknown command.
You feel better. The gnoll hits you with a +0 club.
You hit the gnoll but do no damage.
The gnoll is severely wounded.
The gnoll hits you with a +0 club.
* * * LOW HITPOINT WARNING * * *
You hit the gnoll. You claw the gnoll.
The gnoll is severely wounded.
You completely miss the gnoll. You claw the gnoll, but do no damage.
The gnoll is severely wounded.
The gnoll hits you with a +0 club!
You die...

#.. ..# #.# .### #.#
.....###.## ..
#......# ..
####.#.## . #.#..# .
#.##@# # #. #.##g#
###. #.##.# ..#.
########รท##.#
#.#.##.....#...<.##
#.#...............##
#.##...............#
g.##...............#
...#...............#


You could see a gnoll.

Vanquished Creatures
  An adder (D:2)
  2 gnolls (D:2)
  An endoplasm (D:2)
  A giant cockroach (D:1)
  A hobgoblin (D:2)
  9 jackals
  2 kobolds (D:1)
  A quokka (D:2)
  A bat (D:1)
  2 frilled lizards
  3 goblins (D:1)
  4 rats (D:1)
28 creatures vanquished.

Notes
Turn   | Place    | Note
-------+----------+-------------------------------------------
     0 | D:1      | Alarkh the Demonspawn Transmuter began the quest for the
                  | Orb.
     0 | D:1      | Reached XP level 1. HP: 15/15 MP: 3/3
    23 | D:1      | Found Huocw's Assorted Antiques.
   343 | D:1      | Gained mutation: You regenerate a little health from kills.
                  | [demonic ancestry]
   343 | D:1      | Reached XP level 2. HP: 16/21 MP: 3/5
   467 | D:1      | Reached skill level 3 in Unarmed Combat
  1047 | D:2      | Gained mutation: Your movements are slightly less
                  | encumbered by armour. (ER -2) [demonic ancestry]
  1047 | D:2      | Reached XP level 3. HP: 16/26 MP: 6/6
  1113 | D:1      | Learned a level 3 spell: Spider Form
  1226 | D:1      | HP: 1/27 [gnoll/+0 whip (3)]
  1293 | D:2      | HP: 1/27 [gnoll/+0 club (6)]
  1317 | D:2      | Slain by a gnoll

Illustrated notes

Levels and vault maps discovered:
D:1:      tarquinn_simple_flora_water_d, layout_loops_ring, serial_shops,
          nicolae_shop_behind_doors
D:2:      layout_rooms, shapermc_ecumenical_altar_notcrosses

Skill      XL: |  1  2 |
---------------+-------+-----
Unarmed Combat | 3 |  3.4
Transmutations | 2 |  2.2
Fighting       | |  1.8
Dodging        | |  1.7
Spellcasting   | |  2.4

Action                   || total
-------------------------++-------
Melee: Unarmed           ||   103
       Kick              ||    17
       Headbutt          ||     6
 Cast: Beastly Appendage ||    17
       Spider Form       ||     2
  Use: Potion            ||     4
Armor: Robe              ||    22
Dodge: Dodged            ||    86

Table legend: (Time is in decaauts)
 A = Elapsed time spent in this place.
 B = Non-inter-level travel time spent in this place.
 C = Inter-level travel time spent in this place.
 D = Time resting spent in this place.
 E = Time spent auto-exploring this place.
 F = Levels seen in this place.
 G = Mean time per level.
                   A        B        C        D        E       F      G
               +--------+--------+--------+--------+--------+-----+--------+
         Total |   1313 |   1228 |     85 |     24 |    866 |   2 |  656.5 |
       Dungeon |   1313 |   1228 |     85 |     24 |    866 |   2 |  656.5 |
               +--------+--------+--------+--------+--------+-----+--------+

Top non-repeatable levels by time:
     D:1: 1093 daAuts
     D:2: 219 daAuts
